 Dungeon Crawl Stone Soup version 0.31-a0-164-g2312942fda (webtiles) character file.

Game seed: 14476229319565365610

716 kae the Changer (level 7, -1/62 HPs)
             Began as a White Draconian Transmuter on June 13, 2023.
             Was a Believer of Ru.
             Slain by Eustachio
             ... wielding a +2 falchion of protection
              (6 damage)
             ... on level 5 of the Dungeon.
             The game lasted 00:05:35 (4552 turns).

kae the Changer (White Draconian Transmuter)        Turns: 4552, Time: 00:05:36

Health: -1/62      AC:  7    Str: 12      XL:     7   Next: 41%
Magic:  11/13      EV: 10    Int: 15      God:    Ru [**....]
Gold:   218        SH:  0    Dex: 11 (12) Spells: 4/14 levels left

rFire   x .          .
                       - Unarmed
rCold   + + +        (shield currently unavailable)
rNeg    + . .        (body armour unavailable)
rPois   +            (helmet currently unavailable)
rElec   .            (cloak currently unavailable)
rCorr   .            (gloves currently unavailable)
SInv    .            (boots currently unavailable)
Will    .....        (no amulet)
Stlth   +            N - ring of positive energy
HPRegen 0.30/turn    Z - ring of wizardry
MPRegen 0.13/turn

%: wizardry (x1)
@: ice-form, wereblooded (expiring)
A: freezing attack, amphibious, boosted hp, (breathe frost), AC +6, large,
unfitting armour, (cold resistance 1), (cold-blooded), inability to use devices
a: End Transformation, Renounce Religion


You were on level 5 of the Dungeon.
You worshipped Ru.
Ru was pleased with you.
You were a creature of crystalline ice.
You visited 1 branch of the dungeon, and saw 5 of its levels.

You collected 218 gold pieces.


Innate Abilities, Weirdness & Mutations

You are a creature of crystalline ice.
You have a powerful freezing melee attack.
You are amphibious.
Your maximum health is increased.
Your armour is entirely melded.
You are incapable of wielding weapons or throwing items.
((You can breathe waves of freezing cold which knock back foes.))
((Your icy white scales are hard. (AC +6)))
You cannot fit into any form of body armour.
((Your flesh is cold resistant. (rC+)))
((You are cold-blooded and may be slowed by cold attacks.))
You cannot study or use magical devices.


   Skills:
 - Level 1.1 Fighting
 - Level 1.7 Dodging
 - Level 3.0 Unarmed Combat
 + Level 4.0 Spellcasting
 * Level 5.8 Transmutations
 * Level 4.6 Ice Magic
 - Level 2.0 Poison Magic


You had 4 spell levels left.
You knew the following spells:

 Your Spells              Type           Power      Damage    Failure   Level
a - Beastly Appendage     Tmut           40%        N/A       1%          1
b - Wereblood             Tmut           20%        N/A       1%          2
c - Spider Form           Tmut/Pois      14%        N/A       4%          3
d - Ice Form              Ice/Tmut       18%        N/A       9%          4

Your spell library contained the following spells:

 Spells                   Type           Power      Damage    Failure   Level
 Magic Dart               Conj           12%        1d3       8%          1
 Summon Small Mammal      Summ           12%        N/A       8%          1
 Call Imp                 Summ           6%         N/A       11%         2
 Mephitic Cloud           Conj/Pois/Air  4%         N/A       16%         3
 Call Canine Familiar     Summ           3%         N/A       21%         3
 Summon Guardian Golem    Hex/Summ       3%         N/A       21%         3

Inventory:

Missiles
 b - 49 stones
 g - a throwing net {=f!f}
 m - 3 boomerangs
 o - a silver boomerang
Magical Staves
 l - a staff of poison {!a}
   (You found it on level 3 of the Dungeon)
Jewellery
 N - a ring of positive energy (left front paw)
   (You found it on level 1 of the Dungeon)
 T - an amulet of faith {!P}
   (You found it on level 4 of the Dungeon)
 Z - a ring of wizardry (right front paw)
   (You found it on level 2 of the Dungeon)
Potions
 a - a potion of lignification {!q}
 c - 4 potions of mutation {unknown}
 e - a potion of resistance
 f - 4 potions of curing {unknown}
 h - a potion of heal wounds {@q2}
 i - 2 potions of might {unknown}
 j - 3 potions of brilliance
 n - a potion of attraction {unknown}
 p - a potion of enlightenment {unknown}

Dungeon Overview and Level Annotations

Branches:
Dungeon (5/15) Zot: 25460  Temple (0/1) D:4

Altars:
Kikubaaqudgha
Ru
Trog

Annotations:
D:2 1 runed translucent door, Crazy Yiuf
D:5 Eustachio

#....###
#......##
#####...##
###..## ##...##
##.....#
######...#...#
##..r.5..###..#
#....Y5r## #..#
#..$##.@.# $.#
.... ##..# .#
.. #..# # ...#
....# .....
####...


You could see Eustachio, an iron imp (summoned), a quasit (summoned), a quokka
(summoned) and a rat (summoned).


Message History

You hit Eustachio. You freeze Eustachio. Eustachio barely misses you.
You hit Eustachio but do no damage.
Eustachio hits you with a +2 falchion of protection.
You redirect the shadow imp's attack!
The iron imp hits you!
* * * LOW HITPOINT WARNING * * *
The quasit closely misses you. The quasit barely misses you.
The quasit claws you but does no damage. 😨 HP[-10]
You take 10 damage, and now have 29/62 hp.
You punch Eustachio! You freeze Eustachio.
Eustachio hits you but does no damage. The iron imp hits you!
* * * LOW HITPOINT WARNING * * *
The quasit closely misses you.
The quasit claws you but does no damage.
The quasit closely misses you. 😨 HP[-8]
You take 8 damage, and now have 21/62 hp.
Unknown command.
You barely miss Eustachio.
Eustachio begins to cast a spell, but is stunned by your conviction!
The quasit barely misses you. The quasit closely misses you.
The quasit barely misses you.
The shadow imp laughs crazily.
The iron imp is stunned by your conviction and fails to attack. 😨 MP[+1] Unknown command.
You closely miss Eustachio. The quasit closely misses you. x2
The quasit claws you.
* * * LOW HITPOINT WARNING * * *
You feel clumsy.
Eustachio hits you with a +2 falchion of protection.
* * * LOW HITPOINT WARNING * * *
😨 HP[-4]
You take 4 damage, and now have 17/62 hp.
Unknown command.
You barely miss Eustachio.
The quasit bites you but does no damage.
The quasit claws you but does no damage. x2
The iron imp closely misses you.
Eustachio mumbles some strange words.
Eustachio blinks!
The quasit closely misses you.
The quasit claws you but does no damage.
The quasit barely misses you.
Unknown command.
You hit the shadow imp. The shadow imp hits you.
* * * LOW HITPOINT WARNING * * *
The iron imp hits you.
* * * LOW HITPOINT WARNING * * *
The quasit barely misses you.
The quasit claws you but does no damage.
The quasit barely misses you. 😱 HP[-7]
You take 7 damage, and now have 10/62 hp.
Unknown command.
You punch the shadow imp!
You kill the shadow imp!
The shadow imp disappears in a puff of smoke!
The quasit bites you.
* * * LOW HITPOINT WARNING * * *
The quasit claws you but does no damage. x2
The iron imp hits you but does no damage. 😱 HP[-1]
You take 1 damage, and now have 9/62 hp.
Unknown command.
Eustachio gestures wildly while chanting.
Eustachio blinks! 😱 HP[+1]
Your primal bloodlust is almost over.
The quasit closely misses you. x2; The quasit barely misses you.
The iron imp closely misses you.
Eustachio gestures wildly while chanting.
Eustachio blinks!
The quasit closely misses you.
The quasit claws you but does no damage.
The quasit claws you.
* * * LOW HITPOINT WARNING * * *
😱 HP[-2]
You take 2 damage, and now have 8/62 hp.
Unknown command.
The quasit is stunned by your conviction and fails to attack.
The iron imp barely misses you.
Eustachio hits you with a +2 falchion of protection.
* * * LOW HITPOINT WARNING * * *
The iron imp barely misses you. 😱 HP[-2] MP[+1]
You take 2 damage, and now have 6/62 hp.
Unknown command.
You closely miss Eustachio. The quasit barely misses you.
The quasit claws you but does no damage.
The quasit claws you.
* * * LOW HITPOINT WARNING * * *
Eustachio casts a spell. 😱 HP[-1]
You take 1 damage, and now have 5/62 hp.
Unknown command.
You hit Eustachio. You freeze Eustachio. The quasit barely misses you.
The quasit claws you but does no damage. x2
The iron imp hits you but does no damage.
Eustachio hits you with a +2 falchion of protection.
You die...

Skill      XL: |  1  2  3  4  5  6  7 |
---------------+----------------------+-----
Transmutations | 3 4 5 |  5.8
Poison Magic   | 1 2 |  2.0
Spellcasting   | 3 4 |  4.0
Ice Magic      | 2 4 |  4.6
Fighting       | |  1.1
Dodging        | |  1.7
Unarmed Combat | |  3.0

Action                     |  1- 3 |  4- 6 |  7- 9 || total
---------------------------+-------+-------+-------++-------
  Melee: Unarmed           |    99 |   160 |    39 ||   298
         Kick              |    17 |     7 |       ||    24
         Headbutt          |     7 |     7 |       ||    14
         Tailslap          |     9 |     4 |       ||    13
         Punch             |     1 |     1 |       ||     2
   Cast: Beastly Appendage |    19 |    15 |       ||    34
         Spider Form       |     1 |    10 |     1 ||    12
         Wereblood         |     1 |     4 |     1 ||     6
         Ice Form          |       |     3 |     3 ||     6
 Invoke: Sacrifice Artific |       |       |     1 ||     1
    Use: Scroll            |     3 |     6 |     3 ||    12
         Potion            |       |     3 |       ||     3
   Stab: Distracted        |       |     1 |       ||     1
 Armour: Skin              |    29 |    58 |    22 ||   109
  Dodge: Dodged            |    59 |   117 |    41 ||   217

Levels and vault maps discovered:
D:1:      evilmike_arrival_rings, layout_basic
D:2:      layout_loops_ring, basic_altar, palyth_stone_intersect,
          minmay_statues_item, columned_hall_lemuel, minmay_misc_feat_alley,
          chequers_garden, st_stairs_3, uniq_crazy_yiuf_cottage, uniq_robin
D:3:      layout_basic, nicolae_ru_path_of_blood,
          chequers_ecumenical_altar_simple_redux
D:4:      layout_basic, minmay_temple_entry_trees, kennysheep_small_square,
          uniq_grinder
D:5:      layout_cave_pools, old_standard_altar, hangedman_decor_growths,
          nicolae_sextant, uniq_ijyb, uniq_eustachio, uniq_sigmund

Notes
Turn   | Place    | Note
-------+----------+-------------------------------------------
     0 | D:1      | kae the Draconian Transmuter began the quest for the Orb.
     0 | D:1      | Reached XP level 1. HP: 16/16 MP: 3/3
     0 | D:1      | magus.rc [v1.11.3]
   431 | D:1      | Reached XP level 2. HP: 23/23 MP: 3/5
   478 | D:1      | Learned a level 2 spell: Wereblood
  1097 | D:2      | Found an ancient bone altar of Kikubaaqudgha.
  1128 | D:2      | Reached skill level 3 in Transmutations
  1153 | D:2      | Reached XP level 3. HP: 23/28 MP: 4/6
  1157 | D:2      | Learned a level 3 spell: Spider Form
  1400 | D:2      | Found a runed translucent door.
  1401 | D:2      | Noticed Crazy Yiuf
  1553 | D:2      | Reached skill level 1 in Poison Magic
  1599 | D:2      | Noticed Robin
  1637 | D:2      | HP: 7/28 [hobgoblin[Robin] (5)]
  1643 | D:2      | Killed Robin
  1644 | D:2      | Reached XP level 4. HP: 12/35 MP: 3/8
  2109 | D:2      | You pick up a book of Minor Magic and begin reading...
  2109 | D:2      | You add the spells Magic Dart, Call Imp and Mephitic Cloud
                  | to your library.
  2489 | D:3      | Reached skill level 2 in Poison Magic
  2517 | D:3      | Found a sacrificial altar of Ru.
  2602 | D:3      | Became a worshipper of Ru the Awakened
  2980 | D:3      | Reached skill level 4 in Transmutations
  3054 | D:3      | Found a faded altar of an unknown god.
  3155 | D:3      | Reached XP level 5. HP: 32/40 MP: 9/9
  3196 | D:4      | Reached skill level 3 in Spellcasting
  3321 | D:4      | Learned a level 4 spell: Ice Form
  3351 | D:4      | Found a staircase to the Ecumenical Temple.
  3351 | D:4      | Noticed Grinder
  3353 | D:4      | Paralysed by Grinder for 5 turns
  3361 | D:5      | Entered Level 5 of the Dungeon
  3367 | D:5      | Reached skill level 1 in Ice Magic
  3474 | D:5      | Found a bloodstained altar of Trog.
  3563 | D:5      | Noticed a phantom
  3568 | D:5      | HP: 8/40 [orc/+0 short sword (4)]
  3572 | D:5      | HP: 3/60 [white imp/puff of frost (7)]
  3579 | D:5      | Killed a phantom
  3580 | D:5      | Reached skill level 2 in Ice Magic
  3580 | D:5      | Reached XP level 6. HP: 10/47 MP: 7/11
  3836 | D:4      | You pick up a book of Callings and begin reading...
  3836 | D:4      | You add the spells Summon Small Mammal, Call Canine
                  | Familiar and Summon Guardian Golem to your library.
  3973 | D:4      | Reached skill level 5 in Transmutations
  4144 | D:4      | Paralysed by Grinder for 3 turns
  4155 | D:4      | Killed Grinder
  4156 | D:4      | Reached skill level 3 in Ice Magic
  4156 | D:4      | Your scales start taking on an icy white colour.
  4156 | D:4      | Reached skill level 4 in Ice Magic
  4156 | D:4      | Reached XP level 7. HP: 40/52 MP: 8/12
  4156 | D:4      | Gained mutation: Your flesh is cold resistant. (rC+) [White
                  | Draconian growth]
  4375 | D:4      | Gained mutation: You cannot study or use magical devices.
                  | [Ru sacrifice]
  4375 | D:4      | Reached * piety under Ru
  4375 | D:4      | Reached ** piety under Ru
  4394 | D:4      | Reached skill level 4 in Spellcasting
  4517 | D:5      | Noticed Eustachio
  4545 | D:5      | HP: 15/62 [shadow imp[Eustachio] (2)]
  4550 | D:5      | HP: 6/62 [Eustachio/+2 falchion of protection (3)]
  4552 | D:5      | Slain by Eustachio

Vanquished Creatures
  Grinder (D:4)
  An ogre (D:4)
  A phantom (D:5)
  A scorpion (D:5)
  A jelly (D:4)
  A sleepcap (D:3)
  Robin (D:2)
  3 gnolls (D:4)
  6 adders
  3 white imps
  An ufetubus (D:4)
  A worm (D:2)
  A dart slug (D:3)
  9 orcs
  12 ball pythons
  8 endoplasms
  4 giant cockroaches
  13 goblins
  8 hobgoblins
  5 jackals
  3 kobolds
  A quokka (D:2)
  4 bats
  2 frilled lizards
  5 rats
96 creatures vanquished.

Table legend:
 A = Non-vault XP
 B = Vault XP
 C = Vault XP percentage of total XP
 D = Non-vault monster count
 E = Vault monster count
 F = Vault count percentage of total count
                 A         B        C        D         E       F
            +---------+---------+-------+---------+---------+-------
      Total |     681 |     343 |  33.5 |      80 |      16 |  16.7
            +---------+---------+-------+---------+---------+-------
        D:1 |      20 |       0 |   0.0 |      12 |       0 |   0.0
        D:2 |      67 |      41 |  38.0 |      19 |      13 |  40.6
        D:3 |      74 |       0 |   0.0 |      18 |       0 |   0.0
        D:4 |     283 |     302 |  51.6 |      23 |       3 |  11.5
        D:5 |     237 |       0 |   0.0 |       8 |       0 |   0.0
            +---------+---------+-------+---------+---------+-------

Skill      XL: |  1  2  3  4  5  6  7 |
---------------+----------------------+-----
Transmutations | 3 4 5 |  5.8
Poison Magic   | 1 2 |  2.0
Spellcasting   | 3 4 |  4.0
Ice Magic      | 2 4 |  4.6
Fighting       | |  1.1
Dodging        | |  1.7
Unarmed Combat | |  3.0

Action                     |  1- 3 |  4- 6 |  7- 9 || total
---------------------------+-------+-------+-------++-------
  Melee: Unarmed           |    99 |   160 |    39 ||   298
         Kick              |    17 |     7 |       ||    24
         Headbutt          |     7 |     7 |       ||    14
         Tailslap          |     9 |     4 |       ||    13
         Punch             |     1 |     1 |       ||     2
   Cast: Beastly Appendage |    19 |    15 |       ||    34
         Spider Form       |     1 |    10 |     1 ||    12
         Wereblood         |     1 |     4 |     1 ||     6
         Ice Form          |       |     3 |     3 ||     6
 Invoke: Sacrifice Artific |       |       |     1 ||     1
    Use: Scroll            |     3 |     6 |     3 ||    12
         Potion            |       |     3 |       ||     3
   Stab: Distracted        |       |     1 |       ||     1
 Armour: Skin              |    29 |    58 |    22 ||   109
  Dodge: Dodged            |    59 |   117 |    41 ||   217

Illustrated notes

Table legend:
 A = Kills in this place as a percentage of kills in the entire game.
 B = Kills by you in this place as a percentage of kills by you in the entire game.
 C = Kills by friends in this place as a percentage of kills by friends in the entire game.
 D = Other kills in this place as a percentage of other kills in the entire game.
 E = Experience gained in this place as a percentage of experience gained in the entire game.
 F = Experience gained in this place divided by the number of levels of this place that you have seen.
                   A       B       C       D       E      F
               +-------+-------+-------+-------+-------+----------------------
         Total | 100.0 | 100.0 |   N/A |   N/A | 100.0 | 204.8
       Dungeon | 100.0 | 100.0 |   N/A |   N/A | 100.0 | 204.8
               +-------+-------+-------+-------+-------+----------------------

Table legend: (Time is in decaauts)
 A = Elapsed time spent in this place.
 B = Non-inter-level travel time spent in this place.
 C = Inter-level travel time spent in this place.
 D = Time resting spent in this place.
 E = Time spent auto-exploring this place.
 F = Levels seen in this place.
 G = Mean time per level.
                   A        B        C        D        E       F      G
               +--------+--------+--------+--------+--------+-----+--------+
         Total |   4538 |   4414 |    124 |    363 |   3250 |   5 |  907.6 |
       Dungeon |   4538 |   4414 |    124 |    363 |   3250 |   5 |  907.6 |
               +--------+--------+--------+--------+--------+-----+--------+

Top non-repeatable levels by time:
     D:2: 1340 daAuts
     D:1: 1049 daAuts
     D:4: 905 daAuts
     D:3: 789 daAuts
     D:5: 454 daAuts
